 Dungeon Crawl Stone Soup version 0.32-a0-938-g40ac7a0 (webtiles) character file.

Game seed: 18312096814715258384

203598 DANddo the Warrior (level 17, -6/237 HPs)
             Began as a Pale Draconian Shapeshifter on Apr 16, 2024.
             Was the Champion of Wu Jian.
             Mangled by an entropy weaver simulacrum (9 damage)
             ... on level 4 of the Spider Nest.
             The game lasted 01:04:43 (38645 turns).

DANddo the Warrior (Pale Draconian Shapeshifter)   Turns: 38645, Time: 01:04:44

Health: -6/237     AC:  7    Str: 28 (29) XL:     17   Next: 98%
Magic:  0/28       EV:  8    Int: 16      God:    Wu Jian [******]
Gold:   534        SH:  0    Dex:  6 (11) Spells: 22/31 levels left

rFire   . .          .
                       - Unarmed
rCold   + . .        (shield currently unavailable)
rNeg    . . .        (body armour unavailable)
rPois   +            d - melded +2 hat {SInv}
rElec   .            D - melded scarf of Honour {+Inv, Will++ Regen+ Slay+2}
rCorr   +            y - melded +0 pair of gloves of Polytheism {^Drain rElec rPois rN++}
SInv    .            N - melded +2 pair of boots {Stlth+}
Will    +....        q - amulet of regeneration
Stlth   +            F - +4 ring of slaying
HPRegen 1.39/turn    f - ring of Hiesaat {rPois rC+ rCorr}
MPRegen 0.21/turn

%: no passive effects
@: confused, dragon-form, corroded, flying, hasted, studying 2 skills, very
quick
A: dragon claw, dragon scales, flying, boosted hp, steam breath, AC +9, giant,
unfitting armour, (cold-blooded), steam resistance
}: 1/15 runes: decaying
a: Steam Breath, Begin Untransformation, Renounce Religion, Wall Jump, Serpent's
Lash, Heavenly Storm


You were on level 4 of the Spider Nest.
You worshipped Wu Jian.
Wu Jian was exalted by your worship.
You were a fearsome steam dragon!
You visited 6 branches of the dungeon, and saw 31 of its levels.
You also visited: Bailey, Gauntlet and Volcano.

You collected 2988 gold pieces.
You spent 2454 gold pieces at shops.

Inventory:

Armour
 d - a +2 hat of see invisible (melded)
 y - the +0 pair of gloves of Polytheism (melded) {^Drain rElec rPois rN++}
   (You found it on level 1 of the Spider Nest)

   rElec:     It insulates you from electricity.
   rPois:     It protects you from poison.
   rN++:      It greatly protects you from negative energy.
   ^Drain:    It drains your maximum health when unequipped.
 D - the scarf of Honour (melded) {+Inv, Will++ Regen+ Slay+2}
   (You bought it in a shop on level 6 of the Dungeon)

   Slay+2:    It affects your accuracy & damage with ranged weapons and melee
   (+2).
   Will++:    It greatly increases your willpower.
   Regen+:    It increases your rate of health regeneration.
 N - a +2 pair of boots of stealth (melded)
Jewellery
 f - the ring of Hiesaat (right foreclaw) {rPois rC+ rCorr}
   (You acquired it on level 6 of the Dungeon)

   [ring of protection from cold]

   rC+:       It protects you from cold.
   rPois:     It protects you from poison.
   rCorr:     It protects you from acid and corrosion.
 q - an amulet of regeneration (around neck)
 F - a +4 ring of slaying (left foreclaw)
Talismans
 i - a talisman of death
 L - a dragon-blood talisman (active)
Wands
 g - a wand of mindburst (16)
 B - a wand of light (6)
 I - a wand of roots (39)
 O - a wand of digging (24)
Scrolls
 b - 6 scrolls of vulnerability
 c - 9 scrolls of fog
 h - 3 scrolls of butterflies
 m - 10 scrolls of teleportation
 o - 4 scrolls of fear
 r - 5 scrolls of poison
 w - 10 scrolls of noise
 A - 4 scrolls of enchant armour
 H - 4 scrolls of revelation
 J - a scroll of amnesia
 K - a scroll of silence
 R - a scroll of blinking
 S - 6 scrolls of identify
Potions
 a - 3 potions of lignification
 l - 6 potions of brilliance
 n - a potion of resistance
 p - 5 potions of mutation
 s - a potion of berserk rage
 t - 6 potions of haste
 v - 4 potions of might
 x - 4 potions of attraction
 z - 7 potions of heal wounds
 E - 4 potions of curing
 G - 7 potions of enlightenment
 M - 3 potions of invisibility
 P - 3 potions of magic
Miscellaneous
 j - a lightning rod (1/4)
 k - a tin of tremorstones (inert)
 C - a Gell's gravitambourine (1/2)
 U - a sack of spiders
 V - a phantom mirror


   Skills:
 + Level 16.2 Fighting
 + Level 11.3 Dodging
 - Level 5.0 Stealth
 + Level 13.3 Unarmed Combat
 + Level 7.5 Spellcasting
 + Level 11.0 Translocations
 - Level 12.0 Evocations
 - Level 16.0 Shapeshifting


You had 22 spell levels left.
You knew the following spells:

 Your Spells              Type           Power      Damage    Failure   Level
a - Lesser Beckoning      Tloc           82%        N/A       1%          2
b - Manifold Assault      Tloc           20%        N/A       73%         7

Your spell library contained the following spells:

 Spells                   Type           Power      Damage    Failure   Level
 Apportation              Tloc           82%        N/A       1%          1
 Maxwell's Portable Pile  Tloc           41%        2d(9-25)  1%          3
 Teleport Other           Tloc           41%        N/A       1%          3
 Volatile Blastmotes      Fire/Tloc      46%        2d13      3%          3
 Foxfire                  Conj/Fire      24%        2x1d5     12%         1
 Freeze                   Ice            24%        1d4       12%         1
 Slow                     Hex            24%        N/A       12%         1
 Dimensional Bullseye     Hex/Tloc       11%        N/A       12%         4
 Iskenderun's Mystic Bla Conj/Tloc 23%            2d6        (+2d3     12%         4
 Call Imp                 Summ           12%        N/A       19%         2
 Cigotuvi's Dreadful Rot  Necr/Alch/Air  12%        N/A       19%         2
 Ensorcelled Hibernation  Hex/Ice        12%        N/A       19%         2
 Jinxbite                 Hex            12%        N/A       19%         2
 Sublimation of Blood     Necr           6%         N/A       19%         2
 Call Canine Familiar     Summ           6%         N/A       34%         3
 Confusing Touch          Hex            6%         N/A       34%         3
 Frozen Ramparts          Ice            12%        1d2       34%         3
 Fugue of the Fallen      Necr           6%         N/A       34%         3
 Hailstorm                Conj/Ice       6%         3d5       34%         3
 Ozocubu's Armour         Ice            6%         N/A       34%         3
 Sigil of Binding         Hex            6%         N/A       34%         3
 Stone Arrow              Conj/Erth      12%        3d7       34%         3
 Summon Ice Beast         Ice/Summ       6%         N/A       34%         3
 Vampiric Draining        Necr           6%         2d6       34%         3
 Anguish                  Hex/Necr       3%         N/A       75%         4
 Brom's Barrelling Bould  Conj/Erth      6%         2d3       75%         4
 Cause Fear               Hex            3%         N/A       75%         4
 Flame Wave               Conj/Fire      6%         2d5       75%         4
 Fulminant Prism          Conj/Alch      3%         3d5       75%         4
 Ignite Poison            Fire/Alch      6%         N/A       75%         4
 Alistair's Intoxication  Alch           4%         N/A       97%         5
 Freezing Cloud           Conj/Ice/Air   3%         6-21      97%         5
 Silence                  Hex/Air        3%         N/A       97%         5
 Yara's Violent Unravell  Hex/Alch       3%         3d4       97%         5
 Permafrost Eruption      Ice/Erth       3%         2x4d2     100%        6
 Plasma Beam              Fire/Air       3%         2x1d13    100%        6
 Sculpt Simulacrum        Ice/Alch       3%         N/A       100%        6
 Starburst                Conj/Fire      3%         6d3       100%        6
 Enfeeble                 Hex            3%         N/A       100%        7
 Summon Hydra             Summ           3%         N/A       100%        7


Dungeon Overview and Level Annotations

Branches:
Dungeon (15/15)            Temple (1/1) D:5            Lair (5/5) D:11
  Swamp (4/4) Lair:2       Spider (4/4) Lair:3        Slime (0/5) Lair:4
    Orc (2/2) D:11            Elf (0/3) Orc:2        Vaults (0/5) D:13
 Depths (0/4) D:15         Bailey (visited)         Volcano (visited)
Gauntlet (visited)

Altars:
Ashenzari
Cheibriados
Dithmenos
Elyvilon
Fedhas
Gozag
Hepliaklqana
Kikubaaqudgha
Makhleb
Nemelex Xobeh
Okawaru
Qazlal
Ru
Sif Muna
Trog
Uskayaw
Vehumet
Wu Jian
Xom
Yredelemnul
Zin
The Shining One
Beogh
Jiyva

Shops:
D:6 ?=*   D:12 !   Orc:2 ??:*

Portals:
Abyss: D:7

Annotations:
D:7 2 transporters, qhelerd's ghost, novice TrSh
D:14 1 runed translucent door, bochi's ghost, journeyman OnIE


Innate Abilities, Weirdness & Mutations

You are a fearsome steam dragon!
You have a powerful clawing attack.
Your giant scaled body is strong and resilient, but less evasive.
Your breath weapon is enhanced in this form.
You are flying.
Your maximum health is greatly increased.
Your armour is entirely melded.
You are incapable of wielding weapons or throwing items.
You can breathe blasts of scalding, opaque steam.
Your pale cyan-grey scales are hard. (AC +9)
You cannot fit into any form of body armour.
((You are cold-blooded and may be slowed by cold attacks.))
You are immune to the effects of steam.


Message History

Unknown command.
You feel you are being watched by something.
Something hits you! Something hits you but does no damage.
Something stings you.
You feel clumsy. The entropy weaver simulacrum hits you.
* * * LOW HITPOINT WARNING * * *
The entropy weaver simulacrum freezes you.
You resist.
* * * LOW HITPOINT WARNING * * *
The entropy weaver simulacrum hits you!
* * * LOW HITPOINT WARNING * * *
The entropy weaver simulacrum freezes you!
You resist.
* * * LOW HITPOINT WARNING * * *
The entropy weaver simulacrum barely misses you.
The entropy weaver simulacrum hits you.
* * * LOW HITPOINT WARNING * * *
The entropy weaver simulacrum freezes you!
You resist.
* * * LOW HITPOINT WARNING * * *
Okay, then.
You feel yourself speed up.
You feel you are being watched by something.
Something hits you!!
* * * LOW HITPOINT WARNING * * *
Something hits you!
* * * LOW HITPOINT WARNING * * *
You feel clumsy.
Something stings you but does no damage.
The entropy weaver simulacrum hits you.
* * * LOW HITPOINT WARNING * * *
The entropy weaver simulacrum freezes you.
You resist.
* * * LOW HITPOINT WARNING * * *
The entropy weaver simulacrum hits you.
* * * LOW HITPOINT WARNING * * *
The entropy weaver simulacrum freezes you!
You resist.
You die...

......#.####
~^.........##
###โ‰ˆ........##
^.~.....#....#
........##...#
........##..##
.~..^####....# ####
#####..#....#######....#
#..##...#...D...^#.
##.........#Z{^..#...
####.....###...Z##......
#....^..## ###s.##......
#....#.## ###.^...~~..
##..#### #........~..
.#.^.## #.#..ยง~~##~~
###...# #.##..#โ‰ˆ~.##
......# # .^..โ‰ˆ~.


You could see an orb spider (soul bound, charged), a torpor snail simulacrum and
an entropy weaver simulacrum.

Vanquished Creatures
  Saint Roka (Orc:1)
  the Lernaean hydra (Swamp:3)
  Nikola (Swamp:1)
  2 tentacled monstrosities (Swamp:3)
  A thorn hunter (Swamp:3)
  Kirke (Swamp:1)
  2 fenstrider witches (Swamp:3)
  Louise (D:14)
  A ghost moth (Spider:4)
  4 ghouls
  5 eleionomae
  A minotaur (Gauntlet)
  4 bunyips
  3 spark wasps
  3 dire elephants
  2 entropy weavers
  Josephine (D:13)
  2 vault guards (Bailey)
  A yaktaur captain (D:13)
  An entropy weaver (shapeshifter) (D:15)
  A rakshasa (D:15)
  2 fire dragons (D:15)
  2 shambling mangroves (Swamp:1)
  2 jorogumos
  Erolcha (D:11)
  18 hydras
  6 boulder beetles
  A centaur warrior (D:15)
  11 alligators
  A catoblepas (Gauntlet)
  3 ghost crabs
  The ghost of Coo1 the Summoner, a journeyman DsHW of Ashenzari (D:12)
  2 radroaches
  A two-headed ogre (D:9)
  A death knight (D:15)
  4 death yaks (Lair:4)
  2 tengu warriors
  3 demonic crawlers (Spider:2)
  A hell hog (Volcano)
  A vampire mage (D:12)
  4 orc high priests
  Sonja (Orc:2)
  An occultist (D:15)
  4 skeletal warriors
  Urug (D:13)
  9 spriggans
  4 goliath frogs
  A fire crab (Volcano)
  4 pharaoh ants
  2 skysharks
  2 spriggan druids (Swamp:2)
  A spectral anaconda (Lair:5)
  9 swamp dragons
  Pikel (D:5)
  7 orb spiders
  16 bog bodies
  6 orc knights
  An obsidian statue (Lair:5)
  14 wolf spiders
  A deep elf pyromancer (D:12)
  3 necromancers (Lair:5)
  2 oklob plants (Lair:4)
  A steelbarb worm (Spider:1)
  5 orc sorcerers
  7 cyclopes
  4 manticores
  7 will-o-the-wisps
  19 elephants
  5 moths of wrath
  2 kobold blastminers (Orc:2)
  12 cane toads
  2 black mambas
  2 molten gargoyles (Volcano)
  3 rime drakes
  3 gargoyles
  5 torpor snails
  An unseen horror (D:10)
  3 kobold demonologists
  7 yaktaurs
  4 freezing wraiths (D:15)
  2 tengu conjurers
  15 komodo dragons
  6 trolls
  6 polar bears
  16 tarantellas
  11 hornets
  15 blink frogs
  18 jumping spiders
  9 tyrant leeches
  Prince Ribbit (Bailey)
  A tarantella (shapeshifter) (D:14)
  20 slime creatures
  14 culicivoras
  7 wraiths
  7 vampires (D:12)
  3 wyverns
  8 fire bats
  37 yaks
  6 humans (Bailey)
  A basilisk (D:15)
  A hog (Swamp:1)
  2 wargs (Orc:1)
  24 redbacks
  3 steam dragons
  12 vampire mosquitoes
  14 swamp worms
  3 death yak simulacra (Lair:5)
  A spectral cane toad (Lair:5)
  2 acid dragons
  Duvessa (D:7)
  12 water moccasins
  10 swamp drakes
  2 hell hounds (Volcano)
  3 sky beasts
  21 orc warriors
  3 elephant zombies (Lair:5)
  6 black bears
  4 small abominations
  2 laughing skulls (D:13)
  23 wolves
  4 ogres
  9 centaurs
  3 lemures (D:5)
  A weeping skull (D:9)
  An elephant skeleton (Lair:5)
  10 kobold brigands
  2 phantoms (D:5)
  24 bullfrogs
  3 scorpions
  4 gnoll sergeants
  A cane toad simulacrum (Lair:5)
  4 wights (D:9)
  Dowan (D:7)
  6 killer bees (D:9)
  6 electric eels
  A howler monkey (D:6)
  2 bombardier beetles
  4 lava snakes
  22 orc priests
  8 hounds
  A gnoll bouda (D:8)
  2 iguanas
  2 sleepcaps
  Natasha (thrice) (D:4)
  26 orc wizards
  22 gnolls
  18 adders
  2 white imps
  2 shadow imps
  3 ribbon worms
  3 dart slugs
  85 orcs
  6 bats
  10 endoplasms
  3 giant cockroaches
  6 hobgoblins
  13 kobolds
  4 quokkas
  6 ball pythons
  3 frilled lizards (D:3)
  13 goblins
  4 rats
  A spectral orc (D:9)
994 creatures vanquished.

Vanquished Creatures (others)
  2 bloated husks
  3 hogs (Swamp:1)
  An orc (Orc:2)
  10 foxfires
16 creatures vanquished.

Grand Total: 1010 creatures vanquished

Notes
Turn   | Place    | Note
-------+----------+-------------------------------------------
     0 | D:1      | DANddo the Draconian Shapeshifter began the quest for the
                  | Orb.
     0 | D:1      | Reached XP level 1. HP: 16/16 MP: 1/1
    92 | D:1      | Reached XP level 2. HP: 23/23 MP: 2/2
   587 | D:1      | Reached XP level 3. HP: 29/29 MP: 3/3
  1156 | D:2      | Reached XP level 4. HP: 27/37 MP: 4/4
  1547 | D:2      | Found a faded altar of an unknown god.
  1996 | D:3      | Found a burning altar of Makhleb.
  1999 | D:3      | Found a sparkling altar of Nemelex Xobeh.
  2003 | D:3      | Found a shimmering altar of Xom.
  2414 | D:4      | Reached XP level 5. HP: 40/44 MP: 5/5
  2531 | D:4      | Noticed Natasha
  2541 | D:4      | Killed Natasha
  2618 | D:4      | Reached XP level 6. HP: 49/51 MP: 6/6
  2854 | D:4      | Noticed Natasha
  2856 | D:4      | Killed Natasha
  3019 | D:4      | Noticed Natasha
  3025 | D:4      | Killed Natasha
  3085 | D:5      | Entered Level 5 of the Dungeon
  3135 | D:5      | Reached skill level 5 in Unarmed Combat
  3168 | D:5      | Found a staircase to the Ecumenical Temple.
  3248 | D:5      | Your scales start taking on a pale cyan-grey colour.
  3248 | D:5      | Reached XP level 7. HP: 51/60 MP: 7/7
  3248 | D:5      | Gained mutation: You are immune to the effects of steam.
                  | [Pale Draconian growth]
  3335 | D:4      | Reached skill level 5 in Shapeshifting
  3360 | D:5      | Reached skill level 5 in Fighting
  3448 | D:5      | Noticed Pikel
  3463 | D:5      | Killed Pikel
  3464 | D:5      | Reached XP level 8. HP: 66/69 MP: 8/8
  3901 | D:6      | Reached skill level 1 in Stealth
  3901 | D:6      | Found Verumut's Magic Scroll Emporium.
  3973 | D:6      | Found Loogg's Assorted Antiques.
  4106 | D:6      | You fall into a shaft and drop 1 floor!
  4119 | D:7      | Found a transporter.
  4221 | D:6      | Found Bytweox's Jewellery Emporium.
  4446 | D:6      | Found a broken altar of Ashenzari.
  4504 | D:6      | Reached skill level 1 in Evocations
  4504 | D:6      | Found an iron altar of Okawaru.
  4567 | D:6      | Found a white marble altar of Elyvilon.
  4855 | D:7      | Found a one-way gate to the infinite horrors of the Abyss.
  4855 | D:7      | Noticed qhelerd's ghost (novice TrSh)
  4978 | D:6      | Bought a brightly glowing scarf for 270 gold pieces
  4978 | D:6      | Identified the scarf of Honour {+Inv, Will++ Regen+ Slay+2}
                  | (You bought it in a shop on level 6 of the Dungeon)
  5035 | D:7      | Reached XP level 9. HP: 75/75 MP: 9/9
  5139 | D:7      | Found a radiant altar of Vehumet.
  5185 | D:7      | Noticed Dowan
  5186 | D:7      | Noticed Duvessa
  5194 | D:7      | Killed Duvessa
  5199 | D:7      | Killed Dowan
  5242 | D:7      | Found a transporter.
  6467 | Temple   | Entered the Ecumenical Temple
  6489 | Temple   | Became a worshipper of the Wu Jian Council
  6724 | D:9      | Reached skill level 5 in Dodging
  6806 | D:9      | Found a basalt altar of Yredelemnul.
  6841 | D:9      | Reached XP level 10. HP: 86/86 MP: 10/10
  6868 | D:9      | Noticed a two-headed ogre
  6879 | D:9      | Reached * piety under Wu Jian
  6885 | D:9      | Killed a two-headed ogre
  6886 | D:9      | Reached skill level 5 in Evocations
  7351 | D:10     | Entered Level 10 of the Dungeon
  7427 | D:10     | Found a flagged portal.
  7436 | Bailey   | Entered a bailey
  7535 | Bailey   | Noticed Prince Ribbit
  7535 | Bailey   | Noticed a vault guard
  7541 | Bailey   | Killed Prince Ribbit
  7541 | Bailey   | Reached ** piety under Wu Jian
  7548 | Bailey   | Killed a vault guard
  7592 | Bailey   | Noticed a vault guard
  7605 | Bailey   | Killed a vault guard
  7606 | Bailey   | Reached skill level 10 in Fighting
  7606 | Bailey   | Reached skill level 10 in Shapeshifting
  7663 | Bailey   | Reached XP level 11. HP: 95/99 MP: 11/11
  8700 | D:11     | Found a staircase to the Lair.
  8934 | D:11     | Noticed Erolcha
  8946 | D:11     | Killed Erolcha
  8990 | D:11     | Found a staircase to the Orcish Mines.
  8997 | D:11     | Found a roughly hewn altar of Beogh.
  9013 | D:11     | Reached *** piety under Wu Jian
  9188 | D:11     | Found a runed translucent gate.
  9192 | D:11     | Noticed Coo1's ghost (journeyman DsHW)
  9193 | D:11     | Found a runed translucent gate.
  9193 | D:11     | Found a runed translucent gate.
  9619 | D:6      | Bought a pair of embroidered gloves for 202 gold pieces
  9760 | Lair:1   | Entered Level 1 of the Lair of Beasts
  9832 | Lair:1   | Reached skill level 5 in Stealth
  9996 | Lair:1   | Found a gate leading to a gauntlet.
 10005 | Gauntlet | Entered a Gauntlet
 10005 | Gauntlet | Noticed a catoblepas
 10005 | Gauntlet | Found a transporter.
 10005 | Gauntlet | Found a transporter.
 10008 | Gauntlet | Found a runed translucent door.
 10009 | Gauntlet | Found a transporter.
 10011 | Gauntlet | Found a transporter.
 10013 | Gauntlet | Found a transporter.
 10013 | Gauntlet | Found a transporter.
 10014 | Gauntlet | Noticed a catoblepas
 10015 | Gauntlet | Noticed a death scarab
 10070 | Gauntlet | Killed a catoblepas
 10074 | Gauntlet | Reached XP level 12. HP: 106/110 MP: 5/13
 10077 | Gauntlet | Reached skill level 1 in Spellcasting
 10180 | Gauntlet | Found a transporter.
 10181 | Gauntlet | Found a transporter.
 10184 | Gauntlet | Found a transporter.
 10184 | Gauntlet | Found a transporter.
 10227 | Gauntlet | Noticed a dire elephant
 10325 | Gauntlet | Found a transporter.
 10339 | Gauntlet | Killed a dire elephant
 10438 | Gauntlet | Identified the amulet of Lyojoa {Acrobat Int+3}
 10443 | Gauntlet | Found a transporter.
 10470 | Gauntlet | Identified the +3 shortbow "Russim" {freeze, rN+++ Will-
                  | rCorr Stlth-}
 10470 | Gauntlet | Noticed a minotaur
 10479 | Gauntlet | Killed a minotaur
 12589 | Lair:2   | Reached **** piety under Wu Jian
 12590 | Lair:2   | Reached XP level 13. HP: 101/118 MP: 10/17
 12992 | Lair:2   | Found a staircase to the Swamp.
 13821 | Lair:3   | Found a sparkling altar of Nemelex Xobeh.
 13919 | Lair:3   | Found a hide-covered altar of Uskayaw.
 13919 | Lair:3   | Found an ornate altar of the Wu Jian Council.
 14156 | Lair:3   | Reached skill level 10 in Unarmed Combat
 14577 | Lair:3   | Found a hole to the Spider Nest.
 16191 | Lair:4   | Found a viscous altar of Jiyva.
 16242 | Lair:4   | Found a staircase to the Slime Pits.
 16546 | Lair:5   | Entered Level 5 of the Lair of Beasts
 17126 | Lair:5   | Reached XP level 14. HP: 129/129 MP: 0/18
 17772 | Lair:5   | Reached ***** piety under Wu Jian
 18037 | Lair:5   | Reached skill level 10 in Evocations
 19087 | Orc:1    | Entered Level 1 of the Orcish Mines
 19763 | Orc:2    | Entered Level 2 of the Orcish Mines
 19877 | Orc:2    | Found a staircase to the Elven Halls.
 20029 | Orc:2    | Noticed Sonja
 20032 | Orc:2    | Killed Sonja
 20227 | Orc:2    | Found a roughly hewn altar of Beogh.
 20425 | Orc:2    | Found a dark tunnel.
 20434 | Volcano  | Entered a volcano
 20719 | Volcano  | Found a burning altar of Makhleb.
 21052 | Orc:2    | Noticed Saint Roka
 21093 | Orc:1    | Killed Saint Roka
 21094 | Orc:1    | Reached skill level 10 in Dodging
 21322 | Orc:2    | Reached skill level 5 in Spellcasting
 21765 | Orc:2    | Found Ylopot's General Store.
 21803 | Orc:2    | Found Xych's Magic Scroll Emporium.
 21909 | Orc:2    | Found Eskimp's Book Emporium.
 21911 | Orc:2    | Bought a +1 hat of see invisible for 288 gold pieces
 21914 | Orc:2    | Bought a book of Battle for 352 gold pieces
 21916 | Orc:2    | Found Pomonwo's Magic Scroll Shop.
 21962 | Orc:2    | Bought a book of Misfortune for 374 gold pieces
 21962 | Orc:2    | Bought the Atlas of Enchantment for 242 gold pieces
 21970 | Orc:2    | Learned a level 7 spell: Manifold Assault
 22253 | D:12     | Killed Coo1's ghost
 22254 | D:12     | Reached XP level 15. HP: 138/138 MP: 12/22
 22566 | D:12     | Identified the +1 short sword "Huolimm" {drain, Fly rF+}
 22690 | D:12     | Found Saosuwn's Distillery.
 22729 | D:12     | Reached skill level 1 in Translocations
 23439 | D:12     | Found an ancient bone altar of Kikubaaqudgha.
 24009 | D:13     | Noticed Josephine
 24017 | D:13     | Killed Josephine
 24024 | D:13     | Reached ****** piety under Wu Jian
 24803 | D:13     | Found a gate to the Vaults.
 24893 | D:13     | Noticed Urug
 24899 | D:13     | Killed Urug
 25375 | D:14     | Noticed Louise
 25401 | D:14     | Killed Louise
 25809 | D:14     | Identified the +8 spear "Zuaqiem" {heavy, Will+ Int+2}
 25811 | D:14     | Found a runed translucent door.
 25814 | D:14     | Noticed bochi's ghost (journeyman OnIE)
 26357 | D:15     | Entered Level 15 of the Dungeon
 27315 | D:15     | Got the Directory of Power
 27493 | D:15     | Found a staircase to the Depths.
 27795 | Swamp:1  | Entered Level 1 of the Swamp
 28046 | Swamp:1  | Reached skill level 15 in Fighting
 28046 | Swamp:1  | Reached skill level 5 in Translocations
 28070 | Lair:2   | HP: 3/141 [bog body (20)]
 28581 | Swamp:1  | Reached XP level 16. HP: 131/149 MP: 19/23
 29152 | Swamp:1  | Noticed Nikola
 29164 | Swamp:1  | Killed Nikola
 29164 | Swamp:1  | Noticed Kirke
 29165 | Swamp:1  | Reached skill level 15 in Shapeshifting
 29186 | Swamp:1  | Killed Kirke
 31739 | Swamp:3  | Noticed a tentacled monstrosity
 31751 | Swamp:3  | Killed a tentacled monstrosity
 31995 | Swamp:3  | Noticed a thorn hunter
 32075 | Swamp:3  | Killed a thorn hunter
 32204 | Swamp:3  | Identified a scroll of acquirement
 32519 | D:6      | Bought a scroll of identify for 22 gold pieces
 32519 | D:6      | Bought a scroll of butterflies for 44 gold pieces
 32519 | D:6      | Bought a scroll of identify for 22 gold pieces
 32519 | D:6      | Bought a scroll of identify for 22 gold pieces
 32519 | D:6      | Bought a scroll of acquirement for 572 gold pieces
 32519 | D:6      | Bought a scroll of identify for 22 gold pieces
 32519 | D:6      | Bought a scroll of identify for 22 gold pieces
 32519 | D:6      | Acquired a manual of Conjurations
 32523 | D:6      | Acquired the ring of Hiesaat {rPois rC+ rCorr}
 32823 | Swamp:4  | Entered Level 4 of the Swamp
 33699 | Swamp:4  | Noticed a tentacled monstrosity
 33706 | Swamp:4  | Noticed the 27-headed Lernaean hydra
 33707 | Swamp:4  | Reached XP level 17. HP: 156/156 MP: 25/25
 33857 | Swamp:3  | Killed the 26-headed Lernaean hydra
 33859 | Swamp:3  | Killed a tentacled monstrosity
 34083 | Swamp:4  | Reached skill level 10 in Translocations
 34346 | Swamp:4  | Got a decaying rune of Zot
 34671 | Swamp:4  | Learned a level 2 spell: Lesser Beckoning
 34823 | Spider:1 | Entered Level 1 of the Spider Nest
 34863 | Spider:1 | Identified the +11 dagger of Dissolution {freeze, Int+2
                  | Dex+5}
 35147 | Spider:1 | Identified the +0 pair of gloves of Polytheism {^Drain
                  | rElec rPois rN++}
 37105 | Spider:2 | Paralysed by a jorogumo for 2 turns
 38005 | Spider:4 | Entered Level 4 of the Spider Nest
 38645 | Spider:4 | HP: 11/237 [entropy weaver simulacrum (4)]
 38645 | Spider:4 | HP: 3/237 [entropy weaver simulacrum (4)]
 38645 | Spider:4 | Mangled by an entropy weaver simulacrum

Illustrated notes

Levels and vault maps discovered:
D:1:      reono_arrival_mine, layout_basic, minmay_pentomino_u4
D:2:      cheibrodos_pilgrimage, layout_loops_ring,
          ebering_ecumenical_altar_petrified, ebering_dispersal_statue_hall
D:3:      layout_basic, grunt_temple_overflow_diamond
D:4:      layout_basic, uniq_natasha
D:5:      layout_cave_pods, minmay_temple_entry_sparse_star, uniq_pikel
D:6:      layout_basic, okawaru_altar_gauntlet_db,
          mainiacjoe_overflow_boulevard, lemuel_tele_altar, serial_shops,
          nicolae_shop_gaudy_bauble, nicolae_shop_overgrown_old_shop, shop,
          nicolae_half_adder
D:7:      layout_rooms, mainiacjoe_overflow_surrounded_room,
          gammafunk_ghost_abyssal_escape, uniq_duvessa
D:8:      layout_basic
D:9:      layout_long_grid, yredelemnul_forgotten_temple_becter
D:10:     layout_stronghold, enter_bailey_8
D:11:     layout_irregular_city, erik_lair_island,
          minmay_orc_entry_temple_small, gammafunk_ghost_nasty_kobolds,
          uniq_erolcha
D:12:     layout_irregular_city, serial_shops, nicolae_shop_advertising_works
          [nicolae_subvault_shop_adworks], nicolae_nh_vlads_tower
D:13:     layout_basic, david_vaults_2, uniq_urug, uniq_josephine
D:14:     layout_basic, ebering_ghost_funeral_grove,
          ashenzari_conservatory_becter, nicolae_straight_to_the_point,
          uniq_roxanne, uniq_louise
D:15:     grunt_enter_depths_hoard, layout_loops_ring, minmay_circle_x
Temple:   zaba_magenta_temple
Lair:1:   layout_cave_shapes, gauntlet_entry_generic, beast_lair_carwin_6,
          grunt_megastairs_5
Lair:2:   layout_cave_pods, minmay_swamp_entry_swarm, serial_bayou_shore_a,
          grunt_megastairs_2
Lair:3:   beast_lair_carwin_large_1, layout_long_grid,
          nicolae_spider_entry_tight_spaces, basic_altar,
          nzn_masters_of_martial_movement
Lair:4:   layout_cave_pods, minmay_slime_entry_oklob_enclosed
Lair:5:   due_jungle_book, layout_small_grid, infiniplex_staircase_pool
Swamp:1:  layout_falls_marsh, nicolae_swamp_small_spring,
          hangedman_swamp_ravenous, uniq_kirke, uniq_nikola
Swamp:2:  layout_basic_swamp, evilmike_swamp_ruin_house_3
Swamp:3:  layout_basic_swamp, hangedman_swamp_lotus, swamp_pool_5,
          nicolae_swamp_spooky_pond
Swamp:4:  swamp, layout_basic_swamp
Spider:1: layout_chambers, nicolae_spider_swamp_cousins
Spider:2: layout_spider_delve
Spider:3: layout_spider_delve
Spider:4: grunt_spider_rune_parallel, nicolae_spider_not_touching_you
Orc:1:    layout_caves, abandoned_shop
Orc:2:    st_orc_elflike, layout_diamond_mine, nicolae_volcano_entry_batcave,
          nicolae_orc_lost_temple, uniq_sonja, uniq_saint_roka

Skill      XL: |  1  2  3  4  5  6  7  8  9 10 11 12 13 14 15 16 17 |
---------------+----------------------------------------------------+-----
Dodging        | 2 3 5 6 7 9 10 11 | 11.3
Fighting       | 2 3 4 5 6 7 10 11 12 13 14 15 16 | 16.2
Unarmed Combat | 4 5 6 7 8 9 10 11 12 13 | 13.3
Shapeshifting  | 4 7 8 10 11 12 14 16 | 16.0
Stealth        | 2 3 5 |  5.0
Evocations     | 2 4 5 6 8 9 10 12 | 12.0
Spellcasting   | 3 5 7 |  7.5
Translocations | 5 9 11 | 11.0

Action                     |  1- 3 |  4- 6 |  7- 9 | 10-12 | 13-15 | 16-18 || total
---------------------------+-------+-------+-------+-------+-------+-------++-------
  Melee: Unarmed           |    88 |   175 |   367 |   650 |  1637 |   892 ||  3809
         Tailslap          |    13 |    25 |    70 |   133 |   354 |   182 ||   777
         Punch             |     2 |     2 |     2 |       |       |    30 ||    36
         Bite              |       |       |       |       |       |    54 ||    54
   Cast: Lesser Beckoning  |       |       |       |       |       |    29 ||    29
 Invoke: Serpent's Lash    |       |       |       |     3 |    22 |    24 ||    49
Ability: Steam Breath      |       |       |     4 |    13 |    20 |     6 ||    43
         Lunge             |       |       |     4 |    32 |    93 |    57 ||   186
         Whirlwind         |       |       |       |    21 |   100 |   105 ||   226
         Wall Jump         |       |       |       |       |     8 |     5 ||    13
         Begin Untransform |       |       |       |       |       |     1 ||     1
  Evoke: Wand              |       |       |       |     6 |    34 |       ||    40
         Gell's gravitambo |       |       |       |       |     1 |     3 ||     4
         Tin of tremorston |       |       |       |       |     1 |     2 ||     3
         Lightning rod     |       |       |       |       |     5 |     3 ||     8
    Use: Scroll            |     1 |     2 |     4 |    14 |    10 |     9 ||    40
         Potion            |       |       |       |       |     2 |     3 ||     5
   Stab: Sleeping          |       |     2 |       |     2 |     4 |     5 ||    13
         Distracted        |       |     1 |       |     1 |     1 |     3 ||     6
 Armour: Skin              |    43 |    87 |   177 |   332 |   803 |   933 ||  2375
  Dodge: Dodged            |    52 |    81 |   317 |   459 |  1423 |   688 ||  3020
   Form: Flux              |       |       |     1 |       |     1 |       ||     2
         Dragon            |       |       |       |       |     1 |     2 ||     3

Table legend: (Time is in decaauts)
 A = Elapsed time spent in this place.
 B = Non-inter-level travel time spent in this place.
 C = Inter-level travel time spent in this place.
 D = Time resting spent in this place.
 E = Time spent auto-exploring this place.
 F = Levels seen in this place.
 G = Mean time per level.
                   A        B        C        D        E       F      G
               +--------+--------+--------+--------+--------+-----+--------+
         Total |  38463 |  35381 |   3082 |   4321 |  24427 |  34 | 1131.3 |
       Dungeon |  15367 |  13590 |   1777 |    507 |  10540 |  15 | 1024.5 |
        Temple |     39 |     22 |     17 |      0 |      0 |   1 |   39.0 |
          Lair |   9561 |   8957 |    604 |   1045 |   6624 |   5 | 1912.2 |
         Swamp |   6030 |   5658 |    372 |   1983 |   2502 |   4 | 1507.5 |
   Spider Nest |   3796 |   3582 |    214 |    357 |   2584 |   4 |  949.0 |
  Orcish Mines |   2387 |   2291 |     96 |    307 |   1419 |   2 | 1193.5 |
        Bailey |    256 |    256 |      0 |      0 |    129 |   1 |  256.0 |
       Volcano |    470 |    470 |      0 |     23 |    358 |   1 |  470.0 |
      Gauntlet |    553 |    553 |      0 |     98 |    270 |   1 |  553.0 |
               +--------+--------+--------+--------+--------+-----+--------+

Top non-repeatable levels by time:
  Lair:2: 2436 daAuts
 Swamp:3: 2268 daAuts
  Lair:5: 2169 daAuts
  Lair:1: 1803 daAuts
  Lair:4: 1672 daAuts
 Swamp:1: 1638 daAuts
    D:13: 1513 daAuts
  Lair:3: 1480 daAuts
    D:12: 1464 daAuts
 Swamp:2: 1456 daAuts
    D:11: 1380 daAuts
Spider:1: 1349 daAuts
    D:15: 1291 daAuts
   Orc:2: 1256 daAuts
Spider:2: 1152 daAuts
